 Dungeon Crawl Stone Soup version 0.18.1-48-g4cf74bf (webtiles) character file.

11245 sdOOK the Slingshot (level 12, -2/105 HPs)
             Began as a Halfling Hunter on Sept 4, 2016.
             Was an Elder of Dithmenos (penitent).
             Slain by an orc knight
             ... wielding a +0 dire flail
              (13 damage)
             ... on level 11 of the Dungeon.
             The game lasted 01:29:31 (12224 turns).

sdOOK the Slingshot (Halfling Hunter)              Turns: 12224, Time: 01:29:32

Health: -2/105     AC: 26    Str: 12    XL:     12   Next: 5%
Magic:  0/13       EV:  3    Int: 10    God:    Dithmenos [*]
Gold:   574        SH:  0    Dex: 27    Spells: 3 memorised, 5 levels left

rFire  . . .     SeeInvis .     a - +3 hunting sling
rCold  . . .     Gourm    .     (armour currently unavailable)
rNeg   + + +     Faith    .     (shield restricted)
rPois  +         Spirit   +     (helmet currently unavailable)
rElec  .         Dismiss  .     (cloak currently unavailable)
rCorr  .         Reflect  .     (gloves currently unavailable)
SustAt .         Harm     .     (boots currently unavailable)
MR     .....     NoTele   +     q - amulet of guardian spirit
Stlth  +++++.....               x - +2 ring of dexterity
                                u - ring of positive energy

@: agile, tree-form, cleaving, not resistant to hostile enchantments, quite
stealthy
A: mutation resistance 1, regeneration 1, wild magic 1
a: Renounce Religion


You were on level 11 of the Dungeon.
You worshipped Dithmenos.
Dithmenos was demanding penance.
You were not hungry.
You were a tree.
You visited 1 branch of the dungeon, and saw 11 of its levels.

You collected 637 gold pieces.
You spent 63 gold pieces at shops.

Inventory:

Hand Weapons
 a - a +3 hunting sling (weapon)
 b - a +0 short sword
 k - a cursed +1 falchion of freezing
 n - a +1 scimitar
 o - a +0 short sword of holy wrath
 L - a +0 dagger of venom
Missiles
 d - 7 sling bullets (quivered)
 e - 224 stones
 m - 10 tomahawks
Armour
 h - a +0 cloak (melded)
 i - a +0 helmet
 s - a +1 pair of gloves of archery (melded)
 A - a +2 hat of see invisible (melded)
 B - a +0 pair of boots (melded)
 Q - a +0 leather armour of magic resistance (melded)
Jewellery
 l - a +2 amulet of reflection
 q - an amulet of guardian spirit (around neck)
 u - a ring of positive energy (left branch)
 x - a +2 ring of dexterity (right branch)
 y - a +4 ring of intelligence
 z - an uncursed amulet of the gourmand
Wands
 r - a wand of acid (0/15)
 O - a wand of lightning (1/15)
Scrolls
 j - a scroll of recharging
 v - 2 scrolls of remove curse
 w - 2 scrolls of teleportation
 C - a scroll of amnesia
 D - 2 scrolls of magic mapping
Potions
 p - a potion of lignification
 G - 2 potions of flight
 H - 2 potions of magic
 J - a potion of might
 U - a potion of brilliance
Books
 c - a book of Alchemy

   Spells                             Type                      Level
   a - Sublimation of Blood           Necromancy                   2
   b - Ignite Poison                  Fire/Transmutation/Poison    3
   c - Petrify                        Transmutation/Earth          4
   d - Alistair's Intoxication        Transmutation/Poison         5
   e - Irradiate                      Conjuration/Transmutation    5
 t - a book of the Sky

   Spells                             Type                      Level
   a - Summon Lightning Spire         Summoning/Air                4
   b - Airstrike                      Air                          4
   c - Silence                        Hexes/Air                    5
   d - Deflect Missiles               Charms/Air                   6
   e - Conjure Ball Lightning         Conjuration/Air              6
   f - Tornado                        Air                          9
 N - a Young Poisoner's Handbook

   Spells                             Type                      Level
   a - Sting                          Conjuration/Poison           1
   b - Cure Poison                    Poison                       2
   c - Mephitic Cloud                 Conjuration/Poison/Air       3
   d - Olgreb's Toxic Radiance        Poison                       4
   e - Venom Bolt                     Conjuration/Poison           5
 P - a book of Changes

   Spells                             Type                      Level
   a - Beastly Appendage              Transmutation                1
   b - Sticks to Snakes               Transmutation                2
   c - Spider Form                    Transmutation/Poison         3
   d - Ice Form                       Ice/Transmutation            4
   e - Blade Hands                    Transmutation                5
Miscellaneous
 E - a plain deck of war {drawn: 2}
Comestibles
 f - 6 bread rations
 g - 3 fruits
 F - 2 beef jerkies
 I - 3 royal jellies
 K - 3 meat rations
 T - a chunk of flesh


   Skills:
 + Level 2.2 Fighting
 + Level 1.8 Short Blades
 + Level 21.2 Slings
 + Level 0.7(11.5) Throwing
 + Level 4.2 Armour
 + Level 5.5 Dodging
 + Level 4.1 Stealth
 + Level 0.8 Spellcasting
 + Level 0.2 Conjurations
 + Level 0.4 Air Magic
 + Level 0.3 Poison Magic
 + Level 1.0 Invocations
 + Level 1.2 Evocations


You had 5 spell levels left.
You knew the following spells:

 Your Spells              Type           Power        Failure   Level  Hunger
a - Summon Lightning Spi  Summ/Air       #.......     100%        4    #####..
b - Sting                 Conj/Pois      #...         38%         1    ##.....
c - Cure Poison           Pois           #.........   56%         2    ###....


Dungeon Overview and Level Annotations

Branches:
Dungeon (11/15)            Temple (0/1) D:5            Lair (0/8) D:10
    Orc (0/2) D:10

Altars:
Ashenzari
Cheibriados
Dithmenos
Elyvilon
Gozag
Kikubaaqudgha
Makhleb
Okawaru
Qazlal
Sif Muna
Xom
Yredelemnul
Zin
The Shining One

Shops:
D:5 [   D:11 [

Portals:
Labyrinth: D:11


Innate Abilities, Weirdness & Mutations

You are small and have problems with some larger weapons.
You are somewhat resistant to further mutation.
Your natural rate of healing is unusually fast.
Your spells are a little harder to cast, but a little more powerful.


Message History

Evoke which item? (* to show all) (? for menu, Esc to quit)
Zapping:
O - a wand of lightning {zapped: 5} (will waste charges)
Press: ? - help, Shift-Dir - straight line, f/p - orc knight
Aim: an orc knight, wielding a dire flail and wearing a plate armour (lightly wounded, umbra) Are you sure you want to burn the tree?
You hear a mighty clap of thunder!
The bolt of lightning hits the cyclops.
You kill the cyclops!
Dithmenos accepts your kill.
The bolt of lightning hits the orc knight.
The orc knight is moderately wounded.
The tree burns like a torch!
Dithmenos does not appreciate your starting fires!
You feel very guilty. "You will pay for your transgression, mortal!"
Your aura of darkness fades away.
Evoking this partially-identified wand wasted a few charges.
You hear a bellow!
The orc knight hits you with a dire flail!
You die...

#.....##.####♣__♣## #######.
#....##.#.##..♣(♣.# ........
....##.####♣...♣..♣# ########
#.#.### #...♣.♣..### # #..##
#>#......♣.#># # ###.#.#
#..♣(§(♣...# ###########
..((##.##♣.C...(....♣ #..........
##...####...♣.♣ooC♣..###.........
#.....#>...♣...♣♣♣.♣..>#.########
......#▓##############▓#.#
#.....#.......o..........#
##...###.#.###.########..# #####
##.## #.# #..# #.... #.### ..#
#..# #.### #...# ..## #..# ###.#
##. #..# #.# #. #.(#


You could see 2 orc knights and a cyclops.

Vanquished Creatures
  Gastronok (D:9)
  2 hill giants
  A cyclops (D:11)
  A centaur zombie (D:8)
  A spiny frog (D:10)
  7 yaks
  A wyvern (D:9)
  A basilisk (D:11)
  2 hippogriffs
  A hungry ghost (D:10)
  Grum (D:8)
  Menkaure (D:4)
  Edmund (D:4)
  10 orc warriors
  A sky beast (D:5)
  3 black bears
  4 ice beasts
  3 phantoms
  2 wolves (D:8)
  4 ogres
  5 centaurs
  A crocodile (D:8)
  5 giant frogs
  3 scorpions
  4 killer bees (D:11)
  4 wights (D:3)
  5 howler monkeys
  2 crimson imps
  2 giant frog zombies
  A jelly (D:7)
  4 hounds
  A quasit (D:7)
  Crazy Yiuf (D:6)
  3 centaur skeletons
  8 orc priests
  A giant frog skeleton (D:8)
  2 iguanas
  14 orc wizards
  A hell rat (D:10)
  6 worker ants
  Natasha (thrice) (D:3 D:6)
  A sheep (D:7)
  A killer bee zombie (D:8)
  A hound skeleton (D:6)
  2 howler monkey skeletons (D:6)
  12 gnolls
  10 adders
  2 shadow imps
  2 adder zombies
  An adder skeleton (D:10)
  2 worms
  6 dart slugs
  5 giant geckos
  58 orcs
  3 ball pythons
  8 giant cockroaches
  21 goblins
  8 hobgoblins
  5 jackals
  19 kobolds
  7 quokkas
  4 bats
  A giant cockroach zombie (D:5)
  8 giant newts
  A jackal zombie (D:5)
  A quokka zombie (D:7)
  10 rats
323 creatures vanquished.

Vanquished Creatures (others)
  4 sheep (D:7)
4 creatures vanquished.

Grand Total: 327 creatures vanquished

Notes
Turn   | Place    | Note
--------------------------------------------------------------
     0 | D:1      | sdOOK the Halfling Hunter began the quest for the Orb.
     0 | D:1      | Reached XP level 1. HP: 14/14 MP: 1/1
    43 | D:1      | Reached skill level 6 in Slings
   171 | D:1      | Reached XP level 2. HP: 19/19 MP: 2/2
   370 | D:1      | Reached XP level 3. HP: 24/24 MP: 3/3
   406 | D:1      | Reached skill level 7 in Slings
   894 | D:2      | Reached XP level 4. HP: 29/29 MP: 4/4
   914 | D:2      | Reached skill level 8 in Slings
  1413 | D:3      | Found a shadowy altar of Dithmenos.
  1470 | D:3      | Became a worshipper of Dithmenos the Shadowed
  1515 | D:3      | Noticed a giant frog
  1529 | D:3      | Killed a giant frog
  1529 | D:3      | Reached skill level 9 in Slings
  1529 | D:3      | Reached skill level 1 in Armour
  1529 | D:3      | Reached XP level 5. HP: 21/34 MP: 5/5
  1590 | D:3      | Noticed Natasha
  1592 | D:3      | Killed Natasha
  1645 | D:3      | Reached XP level 6. HP: 37/39 MP: 6/6
  2170 | D:3      | Found a white marble altar of Elyvilon.
  2170 | D:3      | Found a shattered altar of Ashenzari.
  2432 | D:3      | Reached skill level 10 in Slings
  2753 | D:3      | Reached XP level 7. HP: 44/44 MP: 7/7
  2984 | D:3      | Reached * piety under Dithmenos
  2995 | D:3      | Found a stormy altar of Qazlal.
  3635 | D:4      | Reached skill level 11 in Slings
  3638 | D:4      | Noticed Edmund
  3652 | D:4      | Killed Edmund
  3711 | D:4      | Learned a level 4 spell: Summon Lightning Spire
  3737 | D:4      | Reached XP level 8. HP: 50/50 MP: 3/8
  3880 | D:4      | Noticed Menkaure
  3890 | D:4      | Killed Menkaure
  3890 | D:4      | Reached skill level 1 in Short Blades
  4040 | D:4      | Reached skill level 12 in Slings
  4423 | D:5      | Entered Level 5 of the Dungeon
  4475 | D:5      | Found a glowing silver altar of Zin.
  4570 | D:5      | Gained mutation: Your spells are a little harder to cast, but a little more powerful. [mutagenic meat]
  4836 | D:5      | Found Jomaet's Armour Shoppe.
  4938 | D:5      | Found a staircase to the Ecumenical Temple.
  5100 | D:5      | Bought a +0 pair of boots for 63 gold pieces
  5146 | D:6      | Reached skill level 13 in Slings
  5154 | D:6      | Reached ** piety under Dithmenos
  5154 | D:6      | Reached skill level 1 in Evocations
  5172 | D:6      | Noticed Natasha
  5339 | D:6      | Killed Natasha
  5485 | D:6      | Reached XP level 9. HP: 54/54 MP: 9/9
  5542 | D:6      | Noticed Natasha
  5547 | D:6      | Killed Natasha
  5607 | D:6      | Reached skill level 14 in Slings
  6050 | D:6      | Reached *** piety under Dithmenos
  6157 | D:6      | Reached skill level 15 in Slings
  6184 | D:6      | Noticed Crazy Yiuf
  6193 | D:6      | Killed Crazy Yiuf
  6314 | D:6      | Found a basalt altar of Yredelemnul.
  6316 | D:6      | Found a burning altar of Makhleb.
  6635 | D:6      | Found an ancient bone altar of Kikubaaqudgha.
  6636 | D:6      | Found a snail-covered altar of Cheibriados.
  6851 | D:7      | Found a deep blue altar of Sif Muna.
  7121 | D:7      | Reached skill level 16 in Slings
  7194 | D:7      | Reached XP level 10. HP: 57/60 MP: 8/10
  7379 | D:7      | Found a glowing golden altar of the Shining One.
  7818 | D:7      | Found a shimmering altar of Xom.
  8115 | D:8      | Noticed Grum
  8122 | D:8      | Reached skill level 17 in Slings
  8140 | D:8      | Killed Grum
  8485 | D:8      | Learned a level 1 spell: Sting
  8488 | D:8      | Learned a level 2 spell: Cure Poison
  8504 | D:8      | Found a glowing golden altar of the Shining One.
  8537 | D:8      | Reached skill level 18 in Slings
  9071 | D:9      | Reached skill level 1 in Invocations
  9123 | D:9      | Found an opulent altar of Gozag.
  9311 | D:9      | Reached **** piety under Dithmenos
  9582 | D:9      | Noticed Gastronok
  9627 | D:9      | Noticed a hill giant
  9644 | D:9      | Killed a hill giant
  9644 | D:9      | Reached XP level 11. HP: 46/64 MP: 11/11
  9683 | D:9      | Killed Gastronok
  9683 | D:9      | Reached skill level 19 in Slings
 10018 | D:10     | Entered Level 10 of the Dungeon
 10142 | D:10     | Reached skill level 20 in Slings
 10189 | D:10     | Found a staircase to the Lair.
 10234 | D:10     | Reached skill level 5 in Dodging
 10564 | D:10     | Found a staircase to the Orcish Mines.
 11037 | D:10     | Noticed a hill giant
 11058 | D:10     | Killed a hill giant
 11988 | D:11     | Reached skill level 21 in Slings
 12097 | D:11     | Found Xaidgh's Antique Armour Boutique.
 12130 | D:11     | Found a labyrinth entrance.
 12141 | D:11     | Reached XP level 12. HP: 70/70 MP: 13/13
 12183 | D:11     | Found a large runed door.
 12184 | D:11     | Found a large runed door.
 12194 | D:11     | Found an iron altar of Okawaru.
 12197 | D:11     | Found an iron altar of Okawaru.
 12217 | D:11     | Gained mutation: Your natural rate of healing is unusually fast. [potion of mutation]
 12224 | D:11     | Was placed under penance by Dithmenos
 12224 | D:11     | Slain by an orc knight

Skill      XL: |  1  2  3  4  5  6  7  8  9 10 11 |
---------------+----------------------------------+-----
Slings         | 6 7 9 10 11 13 16 18 21 | 21.2
Armour         | 1 2 3 4 |  4.2
Fighting       | 2 |  2.2
Short Blades   | 1 |  1.8
Dodging        | 3 4 5 |  5.5
Stealth        | 2 3 4 |  4.1
Evocations     | 1 |  1.2
Invocations    | 1 |  1.0
Throwing       | |  0.7
Spellcasting   | |  0.8
Conjurations   | |  0.2
Air Magic      | |  0.4
Poison Magic   | |  0.3

Action                   |  1- 3 |  4- 6 |  7- 9 | 10-12 || total
-------------------------+-------+-------+-------+-------++-------
Melee: Short sword       |       |    21 |    34 |    13 ||    68
       Dagger            |       |       |       |     3 ||     3
 Fire: Hunting sling     |    81 |   122 |   389 |   503 ||  1095
Throw: Tomahawk          |       |     2 |     1 |       ||     3
       Stone             |       |     1 |       |       ||     1
 Cast: Sting             |       |       |       |     2 ||     2
Invok: Shadow Step       |       |       |       |     3 ||     3
Evoke: Wand              |       |       |     5 |     8 ||    13
       Deck              |       |       |       |     2 ||     2
  Use: Scroll            |     3 |     6 |     9 |    12 ||    30
       Potion            |       |     3 |     3 |    10 ||    16
 Stab: Sleeping          |       |       |       |     2 ||     2
  Eat: Chunk             |       |     5 |     4 |     1 ||    10
       Meat ration       |       |     1 |     1 |     1 ||     3
       Royal jelly       |       |       |     1 |       ||     1
       Fruit             |       |       |       |     9 ||     9
Armor: Leather armour    |       |     6 |    17 |    23 ||    46
       Skin              |       |     2 |       |     1 ||     3
Dodge: Dodged            |     5 |    25 |    85 |   126 ||   241
Block: Other             |       |     2 |     2 |       ||     4
